 Dungeon Crawl Stone Soup version 0.20-a0-1117-g62da73f (webtiles) character file.

7331 mopl the Cruncher (level 11, -9/89 HPs)
             Began as a Gnoll Berserker on May 9, 2017.
             Was a High Priest of Trog.
             Mangled by a white ugly thing (26 damage)
             ... on level 10 of the Dungeon.
             The game lasted 00:15:55 (8910 turns).

mopl the Cruncher (Gnoll Berserker)                 Turns: 8910, Time: 00:15:56

Health: -9/89      AC: 14    Str: 18    XL:     11   Next: 13%
Magic:  0/17       EV: 12    Int:  8    God:    Trog [*****.]
Gold:   501        SH:  0    Dex: 17    Spells: 10/10 levels left

rFire    . . .     SeeInvis .   a - +3 quarterstaff (chaos)
rCold    . . .     Gourm    .   (shield currently unavailable)
rNeg     . . .     Faith    .   x - +0 chain mail
rPois    .         Spirit   +   (no helmet)
rElec    .         Reflect  .   i - scarf {Spirit}
rCorr    +         Harm     .   X - +1 pair of gloves
MR       .....                  K - +0 pair of boots
Stlth    ..........             (no amulet)
Regen    0.3/turn               z - +2 ring of dexterity
MPRegen  0.2/turn               P - ring of resist corrosion

@: slowed, very slow
A: short attention span, fangs 1, strong nose
a: Berserk, Trog's Hand, Brothers in Arms, Burn Spellbooks, Renounce Religion


You were on level 10 of the Dungeon.
You worshipped Trog.
Trog was extremely pleased with you.
You were not hungry.

You visited 1 branch of the dungeon, and saw 10 of its levels.
You also visited: Ossuary.

You collected 605 gold pieces.
You spent 104 gold pieces at shops.

Inventory:

Hand Weapons
 a - a +3 quarterstaff of chaos (weapon)
 p - a +0 hand axe of flaming
 t - a +3 trident
 v - a +0 blowgun
 B - the +1 rapier of Harmony {venom, +Fly rElec rF+ Str-2}
   (You found it on level 4 of the Dungeon)

   It poisons the flesh of those it strikes.
   It affects your strength (-2).
   It protects you from fire.
   It insulates you from electricity.
   It lets you fly.
Missiles
 f - 265 stones (quivered)
 q - 8 javelins
 u - 43 poisoned needles
 w - 11 tomahawks
 F - 2 poisoned javelins
 G - 78 sling bullets
 J - 5 needles of confusion
Armour
 i - a scarf of spirit shield (worn)
 x - a +0 chain mail (worn)
 K - a +0 pair of boots (worn)
 X - a +1 pair of gloves (worn)
Jewellery
 z - a +2 ring of dexterity (left hand)
 P - a ring of resist corrosion (right hand)
Wands
 n - a wand of enslavement (24/24)
 T - a wand of polymorph (0/24)
 U - a wand of paralysis (8/24)
 W - a wand of iceblast (10/15)
Scrolls
 e - 8 scrolls of teleportation
 k - a scroll of recharging
 l - a scroll of random uselessness {unknown}
 y - 3 scrolls of fog
 C - 10 scrolls of identify
 D - 3 scrolls of immolation {unknown}
 H - 8 scrolls of remove curse
 L - a scroll of enchant weapon
 N - 2 scrolls of enchant armour
 Q - a scroll of fear {unknown}
 R - a scroll of silence {unknown}
 S - 2 scrolls of blinking
Potions
 b - 3 potions of ambrosia
 d - 3 potions of flight
 g - 3 potions of haste
 h - 2 potions of cancellation
 o - 13 potions of curing {unknown}
 s - 3 potions of heal wounds
 A - 3 potions of mutation {!q}
 E - 2 potions of brilliance
 I - a potion of invisibility
 M - a potion of lignification {!q}
 O - 2 potions of agility
 V - a potion of might
Books
 j - a Young Poisoner's Handbook

   Spells                             Type                      Level
   a - Sting                          Conjuration/Poison           1
   b - Poisonous Vapours              Poison/Air                   2
   c - Mephitic Cloud                 Conjuration/Poison/Air       3
   d - Olgreb's Toxic Radiance        Poison                       4
   e - Venom Bolt                     Conjuration/Poison           5
   Trog disapproves of the use of such an item.
 Z - a book of Callings

   Spells                             Type                      Level
   a - Summon Small Mammal            Summoning                    1
   b - Call Imp                       Summoning                    2
   c - Call Canine Familiar           Summoning                    3
   d - Summon Guardian Golem          Hexes/Summoning              3
   e - Summon Lightning Spire         Summoning/Air                4
   f - Summon Ice Beast               Ice/Summoning                4
   Trog disapproves of the use of such an item.
Comestibles
 c - 8 bread rations
 m - 5 royal jellies
 r - 4 meat rations


   Skills:
 + Level 9.0 Fighting
   Level 4.8(8.1) Maces & Flails
 * Level 9.4(9.5) Staves
 + Level 8.5 Throwing
 + Level 8.4 Armour
 + Level 8.9 Dodging
 + Level 8.2 Evocations


You had 10 spell levels left.
You didn't know any spells.

Dungeon Overview and Level Annotations

Branches:
Dungeon (10/15)            Temple (0/1) D:4
   Lair: D:8-11         Orc: D:9-12

Altars:
Nemelex Xobeh
Okawaru
Wu Jian

Shops:
D:4 =*


Innate Abilities, Weirdness & Mutations

You have a short attention span.
You have very sharp teeth.
Your uncanny sense of smell can sniff out nearby items.


Message History

Your kobold zombie resists.
Your kobold zombie is destroyed!
Eat a chunk of flesh? (ye/n/q)
You eat the chunk of flesh.
This raw flesh tastes terrible.
Your skin crawls.
You feel resistant to hostile enchantments.
You feel somewhat more hungry.
The crimson imp blinks!
The white ugly thing punches you but does no damage.
The white ugly thing punches you. The white ugly thing freezes you!!
The crimson imp blinks!
The white ugly thing punches you! The white ugly thing freezes you!!
You feel the effects of Trog's Hand fading.
The white ugly thing punches you! The white ugly thing freezes you!!
* * * LOW HITPOINT WARNING * * *
Your skin stops crawling.
You feel less resistant to hostile enchantments.
The white ugly thing punches you.
* * * LOW HITPOINT WARNING * * *
The white ugly thing freezes you!!
You die...

.......... ..........#
#....# ..........# #....#
#.........# #....#
#.........# #....#
###.........# #....###
...........######......#
#.......t.............#
#.......u@.)†.........####
#.......######............
#......## ##...........
#.....## ##..........
#....## ##.......## #....#
#.......# #...## #.<...[.#
#...# #.......# #..§# ∆ ∆
#.......#


You could see a white ugly thing and a crocodile.

Vanquished Creatures
  2 two-headed ogres (D:8)
  The ghost of mopl the Fighter, a novice GnBe of Trog (D:6)
  A troll (D:9)
  A hornet (D:8)
  A hippogriff (D:8)
  A wraith (D:8)
  A porcupine (D:10)
  A sky beast (D:5)
  5 ogres
  2 ice beasts
  3 orc warriors
  3 black bears
  7 centaurs
  2 big kobolds
  3 bullfrogs
  14 killer bees
  10 wights
  5 howler monkeys
  2 crimson imps
  A centaur zombie (D:5)
  4 jellies
  Crazy Yiuf (D:3)
  5 hounds
  A bullfrog skeleton (D:5)
  5 orc priests
  6 orc wizards
  Jessica (D:2)
  3 iguanas
  3 worker ants
  A worker ant zombie (D:7)
  14 mummies (Ossuary)
  12 adders
  7 oozes (D:2)
  An adder skeleton (D:4)
  3 dart slugs
  4 leopard geckos
  31 orcs
  8 bats
  6 giant cockroaches
  7 hobgoblins
  12 jackals
  3 quokkas
  3 ball pythons
  6 frilled lizards
  A giant cockroach zombie (D:5)
  6 goblins
  3 goblin skeletons (Ossuary)
  25 kobolds
  4 kobold skeletons (Ossuary)
  An orc skeleton (Ossuary)
  3 rats
  11 rat skeletons (Ossuary)
267 creatures vanquished.

Vanquished Creatures (others)
  A wight (D:6)
  An orc (D:6)
  A fungus (D:10)
  9 toadstools (D:2)
12 creatures vanquished.

Grand Total: 279 creatures vanquished

Notes
Turn   | Place    | Note
-------+----------+-------------------------------------------
     0 | D:1      | mopl the Gnoll Berserker began the quest for the Orb.
     0 | D:1      | Reached XP level 1. HP: 20/20 MP: 1/1
    53 | D:1      | Reached skill level 1 in Throwing
    60 | D:1      | Reached skill level 5 in Fighting
    78 | D:1      | Reached XP level 2. HP: 24/27 MP: 2/2
   122 | D:1      | Reached skill level 2 in Throwing
   424 | D:1      | Reached XP level 3. HP: 30/33 MP: 3/3
   443 | D:1      | Reached skill level 4 in Dodging
   611 | D:2      | Reached skill level 3 in Throwing
   677 | D:2      | Noticed Jessica
   686 | D:2      | Killed Jessica
   686 | D:2      | Reached ** piety under Trog
   686 | D:2      | Reached skill level 4 in Armour
   686 | D:2      | Reached XP level 4. HP: 38/39 MP: 2/4
   925 | D:2      | Found an iron altar of Okawaru.
  1218 | D:2      | Reached skill level 4 in Throwing
  1231 | D:2      | Reached XP level 5. HP: 46/46 MP: 5/5
  1233 | D:2      | Reached skill level 6 in Fighting
  1233 | D:2      | Reached skill level 5 in Armour
  1233 | D:2      | Reached skill level 5 in Dodging
  1546 | D:3      | Reached *** piety under Trog
  1546 | D:3      | Reached XP level 6. HP: 53/53 MP: 6/6
  1853 | D:3      | Found a runed door.
  2342 | D:3      | Noticed Crazy Yiuf
  2346 | D:3      | Killed Crazy Yiuf
  2461 | D:4      | Found a sparkling altar of Nemelex Xobeh.
  2462 | D:4      | Noticed a yak
  2473 | D:4      | Got a smoking rapier
  2488 | D:4      | Identified the cursed +1 rapier of Harmony {venom, +Fly rElec rF+ Str-2} (You found it on level 4 of the Dungeon)
  2720 | D:4      | Reached skill level 5 in Throwing
  2720 | D:4      | Reached skill level 6 in Dodging
  2855 | D:4      | Found Laodenen's Assorted Antiques.
  2954 | D:4      | Bought a scroll labeled SYSYPI XUSCHI for 26 gold pieces
  2954 | D:4      | Bought a scroll labeled BYOCWO QOYS for 26 gold pieces
  2954 | D:4      | Bought a scroll labeled KIL OFRITWA for 26 gold pieces
  2954 | D:4      | Bought a scroll labeled WIXTUQ XAHUOTS for 26 gold pieces
  2982 | D:4      | Reached skill level 2 in Staves
  2982 | D:4      | Reached skill level 1 in Evocations
  2993 | D:4      | Reached skill level 2 in Evocations
  2993 | D:4      | Reached XP level 7. HP: 40/59 MP: 4/8
  3128 | D:4      | Found Gatoruim's Jewellery Shoppe.
  3234 | D:4      | Reached skill level 3 in Staves
  3234 | D:4      | Reached skill level 6 in Armour
  3427 | D:4      | Found a staircase to the Ecumenical Temple.
  3730 | D:5      | Entered Level 5 of the Dungeon
  3777 | D:5      | Reached skill level 3 in Evocations
  3821 | D:5      | Reached skill level 4 in Staves
  3875 | D:5      | Found a sand-covered staircase.
  3899 | Ossuary  | Entered an ossuary
  3916 | Ossuary  | Reached skill level 7 in Fighting
  4128 | Ossuary  | Reached skill level 6 in Throwing
  4213 | Ossuary  | Reached **** piety under Trog
  4213 | Ossuary  | Received a gift from Trog
  4297 | Ossuary  | Reached XP level 8. HP: 47/67 MP: 10/10
  4545 | D:5      | Reached skill level 5 in Staves
  4889 | D:5      | Reached skill level 4 in Evocations
  4908 | D:5      | Reached skill level 6 in Staves
  4908 | D:5      | Reached skill level 7 in Dodging
  5306 | D:6      | Noticed mopl's ghost (novice GnBe)
  5380 | D:6      | Killed mopl's ghost
  5380 | D:6      | Reached skill level 7 in Staves
  5380 | D:6      | Reached skill level 7 in Throwing
  5380 | D:6      | Reached skill level 7 in Armour
  5380 | D:6      | Reached skill level 5 in Evocations
  5380 | D:6      | Reached XP level 9. HP: 74/74 MP: 13/13
  5506 | D:6      | Reached skill level 8 in Fighting
  5511 | D:6      | Reached skill level 6 in Evocations
  6272 | D:7      | Received a gift from Trog
  6272 | D:7      | Reached skill level 8 in Dodging
  6419 | D:7      | Reached skill level 8 in Staves
  6682 | D:8      | Reached ***** piety under Trog
  6726 | D:8      | Reached XP level 10. HP: 53/81 MP: 11/15
  6762 | D:8      | Reached skill level 7 in Evocations
  6763 | D:8      | Reached skill level 8 in Throwing
  7117 | D:8      | Noticed a two-headed ogre
  7125 | D:8      | Killed a two-headed ogre
  7125 | D:8      | Reached skill level 9 in Staves
  7125 | D:8      | Reached skill level 8 in Armour
  7466 | D:8      | Received a gift from Trog
  7627 | D:8      | Found an ornate altar of the Wu Jian Council.
  7813 | D:8      | Noticed a two-headed ogre
  7818 | D:8      | Killed a two-headed ogre
  7927 | D:9      | Reached skill level 8 in Evocations
  7998 | D:9      | Reached XP level 11. HP: 82/87 MP: 17/17
  8822 | D:10     | Entered Level 10 of the Dungeon
  8882 | D:10     | Reached skill level 9 in Fighting
  8890 | D:10     | Noticed a white ugly thing
  8910 | D:10     | Mangled by a white ugly thing

Vault maps used:
D:1:      minmay_arrival_open_corners
D:2:      cheibrodos_fertilizer, okawaru_metal_pillars_3, uniq_jessica
D:3:      first_bread, uniq_crazy_yiuf_cottage
D:4:      minmay_temple_entry_fiery, serial_shops, shop,
          nicolae_shop_waterfront, hangedman_decor_clover_reticule,
          grunt_nemelex_the_gamble
D:5:      nicolae_ossuary_entry_false_entrances, minmay_joined_circles
D:6:      nrook_loot_triangle
D:8:      lemuel_coloured_pillars_altar
D:10:     cheibrodos_breeding_chamber, grunt_lair_entry_orc_guard_hut,
          orc_0_dummy, serial_shops, nicolae_shop_competitors_out_of_business
Ossuary:  ossuary_due_small_catacomb

Skill      XL: |  1  2  3  4  5  6  7  8  9 10 11 |
---------------+----------------------------------+-----
Throwing       | 1 2 3 4 5 6 7 8 |  8.5
Fighting       | 5 6 7 8 9 |  9.0
Dodging        | 4 5 6 7 8 |  8.9
Armour         | 4 5 6 7 8 |  8.4
Staves         | 2 4 7 8 9 |  9.4
Evocations     | 2 3 5 6 8 |  8.2
Maces & Flails | |  4.8

Action                   |  1- 3 |  4- 6 |  7- 9 | 10-12 || total
-------------------------+-------+-------+-------+-------++-------
Melee: Mace              |    49 |     9 |       |       ||    58
       Bite              |     3 |    14 |    59 |    31 ||   107
       Flail             |       |    84 |       |       ||    84
       Rapier            |       |    28 |   242 |       ||   270
       Trident           |       |    23 |       |       ||    23
       Quarterstaff      |       |       |   168 |   213 ||   381
Invok: Berserk           |     1 |     3 |     4 |     6 ||    14
       Trog's Hand       |       |       |       |     4 ||     4
  Use: Scroll            |       |    12 |     7 |     2 ||    21
 Stab: Sleeping          |     3 |       |       |       ||     3
       Petrifying        |       |       |     1 |     1 ||     2
       Paralysed         |       |       |     1 |       ||     1
       Confused          |       |       |       |     2 ||     2
       Petrified         |       |       |       |     1 ||     1
  Eat: Chunk             |       |    10 |    15 |    12 ||    37
       Fruit             |       |       |     2 |       ||     2
       Royal jelly       |       |       |       |     1 ||     1
Armor: Animal skin       |    12 |     1 |       |       ||    13
       Ring mail         |       |    29 |       |       ||    29
       Chain mail        |       |     7 |   145 |    85 ||   237
       Skin              |       |       |       |     7 ||     7
Dodge: Dodged            |    33 |   111 |   196 |   118 ||   458
